 Dungeon Crawl Stone Soup version 0.31-a0-193-gdfe2569204 (webtiles) character file.

Game seed: 9734473337786578857

95 qw the Shooter (level 4, -2/25 HPs)
             Began as a Deep Elf Hunter on June 23, 2023.
             Slain by a gnoll
             ... wielding a +0 spear of freezing
              (3 damage)
             ... on level 2 of the Dungeon.
             The game lasted 00:00:25 (976 turns).

qw the Shooter (Deep Elf Hunter)                     Turns: 976, Time: 00:00:26

Health: -2/25      AC:  3    Str: 10    XL:     4   Next: 40%
Magic:  6/6        EV: 12    Int: 14    God:
Gold:   109        SH:  0    Dex: 18    Spells: 3/3 levels left

rFire   . . .        Y - +0 shortbow
rCold   . . .        (shield currently unavailable)
rNeg    . . .        c - +0 leather armour
rPois   .            (no helmet)
rElec   .            (no cloak)
rCorr   .            (no gloves)
SInv    .            (no boots)
Will    .....        (no amulet)
Stlth   ++           (no ring)
HPRegen 0.24/turn    (no ring)
MPRegen 0.10/turn

%: no passive effects
@: no status effects
A: no striking features
a: no special abilities


You were on level 2 of the Dungeon.
You visited 1 branch of the dungeon, and saw 2 of its levels.

You collected 109 gold pieces.


   Skills:
 - Level 1.5 Fighting
 + Level 7.8 Ranged Weapons
 - Level 2.4 Dodging
 - Level 1.2 Stealth


You had 3 spell levels left.
You didn't know any spells.
Your spell library was empty.

Inventory:

Hand Weapons
 Y - a +0 shortbow (weapon)
Armour
 c - a +0 leather armour (worn)
Scrolls
 a - a scroll of enchant armour {unknown}
 b - a scroll of acquirement {unknown}
 e - a scroll of identify
Potions
 d - a potion of haste {unknown}
 f - a potion of heal wounds {unknown}

Dungeon Overview and Level Annotations

Branches:
Dungeon (2/15)

Altars:


Message History

The gnoll barely misses you.
You shoot an arrow. The arrow hits the dart slug.
You kill the dart slug!
You hear a shout!
The gnoll closely misses you. x2
You shoot an arrow. The arrow hits the gnoll!
You kill the gnoll!
A gnoll comes into view. It is wielding a +0 club.
You shoot an arrow. The arrow closely misses the gnoll.
The gnoll shouts!
You hear a shout! x2
You shoot an arrow. The arrow barely misses the gnoll.
The gnoll barely misses you.
You shoot an arrow. The arrow hits the gnoll!
The gnoll is severely wounded.
The gnoll hits you with a +0 club.
You shoot an arrow. The arrow hits the gnoll.
The gnoll is severely wounded.
The gnoll hits you with a +0 club!
You shoot an arrow. The arrow hits the gnoll.
The gnoll is severely wounded.
The gnoll barely misses you.
You hear a shout!
You shoot an arrow. The arrow hits the gnoll.
You kill the gnoll!
You start resting.
A gnoll comes into view. It is wielding a +0 spear of freezing.
You shoot an arrow. The arrow closely misses the gnoll.
The gnoll shouts!
You hear a shout!
The gnoll hits you from afar with a +0 spear of freezing!
The gnoll freezes you.
You shoot an arrow.
The arrow hits the gnoll but does no damage.
The gnoll completely misses you.
You shoot an arrow. The arrow hits the gnoll.
The gnoll is heavily wounded.
The gnoll hits you from afar with a +0 spear of freezing!
The gnoll freezes you.
You die...

#.# #.# #####
########.# #...#
#........# #...#
#.######.###.!.#
#.# #......'...#
#.# #.##.###...#
#####.# #.##.#
#.))# ...##.#
#.##.#
#@#.)......
......# #.##.#
#.###g.PPP.
...#### #.##.#
#.g .P...P ...#
#.##.# ####


gw.P. %..# #....# ...!. ...######### ..P. ....#...... .P.. ##.......# ..#......#
You could see a gnoll.

Vanquished Creatures
  2 adders (D:2)
  5 gnolls
  A dart slug (D:2)
  2 endoplasms (D:1)
  A giant cockroach (D:1)
  2 goblins (D:1)
  A hobgoblin (D:1)
  3 kobolds (D:1)
  4 quokkas
  3 ball pythons
  3 bats (D:1)
  A frilled lizard (D:1)
  4 rats
32 creatures vanquished.

Notes
Turn   | Place    | Note
-------+----------+-------------------------------------------
     0 | D:1      | qw the Deep Elf Hunter began the quest for the Orb.
     0 | D:1      | Reached XP level 1. HP: 12/12 MP: 3/3
     0 | D:1      | 0 ||| qw: Version: 0.3-a-9-g12657ce
     0 | D:1      | 0 ||| qw: Game counter: 4591
     0 | D:1      | 0 ||| qw: Always use a shield: true
     0 | D:1      | 0 ||| qw: God list: Okawaru
     0 | D:1      | 0 ||| qw: Allow faded altars: false
     0 | D:1      | 0 ||| qw: Do Orc after D:15 true
     0 | D:1      | 0 ||| qw: Do second Lair branch before Depths: true
     0 | D:1      | 0 ||| qw: Lair rune preference: random
     0 | D:1      | 0 ||| qw: Plans: Normal
     0 | D:1      | 0 ||| PLANNING D:1-11
   148 | D:1      | Reached XP level 2. HP: 14/16 MP: 4/4
   150 | D:1      | Reached skill level 6 in Ranged Weapons
   614 | D:1      | Reached XP level 3. HP: 20/20 MP: 5/5
   627 | D:1      | 627 ||| READING scroll labelled JESAYF KEAGUATH.
   628 | D:1      | 628 ||| READING 3 scrolls labelled UNITUL MUITIE.
   629 | D:1      | 629 ||| READING scroll labelled NIMOUXK CAKE.
   634 | D:1      | 634 ||| READING scroll labelled HAUKHL HITIOHAL.
   735 | D:1      | 735 ||| READING 2 scrolls of identify.
   735 | D:1      | 735 ||| IDENTIFYING lumpy blue potion
   736 | D:1      | 736 ||| DROPPING scroll of butterflies.
   737 | D:1      | 737 ||| DROPPING potion of invisibility.
   824 | D:2      | Reached skill level 7 in Ranged Weapons
   934 | D:2      | 934 ||| Stepping ~*~*~tactically~*~*~ (outnumbered).
   936 | D:2      | 936 ||| Stepping ~*~*~tactically~*~*~ (outnumbered).
   939 | D:2      | Reached XP level 4. HP: 25/25 MP: 6/6
   976 | D:2      | HP: 1/25 [gnoll/+0 spear of freezing (9)]
   976 | D:2      | Slain by a gnoll

Levels and vault maps discovered:
D:1:      nzn_arrival_depleted_hourglass, layout_basic, minivault_26
D:2:      layout_basic, basic_altar, grunt_ministairs_4, nicolae_grassy_gnolls

Skill      XL: |  1  2  3 |
---------------+----------+-----
Ranged Weapons | 6 7 |  7.8
Fighting       | |  1.5
Dodging        | |  2.4
Stealth        | |  1.2

Action                     |  1- 3 |  4- 6 || total
---------------------------+-------+-------++-------
   Fire: Shortbow          |    81 |    15 ||    96
    Use: Scroll            |     5 |       ||     5
 Armour: Leather armour    |     9 |       ||     9
  Dodge: Dodged            |    16 |     7 ||    23

Table legend:
 A = Non-vault XP
 B = Vault XP
 C = Vault XP percentage of total XP
 D = Non-vault monster count
 E = Vault monster count
 F = Vault count percentage of total count
                 A         B        C        D         E       F
            +---------+---------+-------+---------+---------+-------
      Total |      96 |      41 |  29.9 |      29 |       3 |   9.4
            +---------+---------+-------+---------+---------+-------
        D:1 |      42 |       0 |   0.0 |      19 |       0 |   0.0
        D:2 |      54 |      41 |  43.2 |      10 |       3 |  23.1
            +---------+---------+-------+---------+---------+-------
